 Dungeon Crawl Stone Soup version bcrawl-1.24.1 (webtiles) character file.

Game seed: 1365177309357772427

286 Gargoyl the Skirmisher (level 6, 57/57 HPs)
             Began as a Centaur Abyssal Knight on Oct 19, 2019.
             Was a Believer of Lugonu.
             Quit the game on level 3 of the Dungeon on June 19, 2020.
             The game lasted 00:05:34 (3769 turns).

Gargoyl the Skirmisher (Centaur Abyssal Knight)     Turns: 3769, Time: 00:05:35

Health: 57/57      AC:  9    Str: 15    XL:     6   Next: 8%
Magic:  8/8        EV:  9    Int: 11    God:    Lugonu [**....]
Gold:   225        SH:  0    Dex: 10    Spells: 5/5 levels left

rFire    . . .     SeeInvis .   a - +2 hand axe
rCold    . . .     Gourm    .   (no shield)
rNeg     . . .     Faith    .   e - +0 ring mail
rPois    .         Spirit   .   (no helmet)
rElec    .         Reflect  .   (no cloak)
rCorr    .         Harm     .   d - +2 pair of gloves
MR       .....                  (no barding)
Stlth    ..........             (no amulet)
HPRegen  0.19/turn              (no ring)
MPRegen  0.11/turn              (no ring)

@: very quick
A: large, hooves 3, deformed body, speed 2, robust 1, tough skin 3
a: Depart the Abyss, Bend Space, Banish, Renounce Religion


You were on level 3 of the Dungeon.
You worshipped Lugonu.
Lugonu was pleased with you.
You were not hungry.

You visited 1 branch of the dungeon, and saw 3 of its levels.
You visited the Abyss 1 time.

You collected 225 gold pieces.

Inventory:

Hand Weapons
 a - a +2 hand axe (weapon)
 l - a +1 vampiric hand axe
Armour
 d - a +2 pair of gloves (worn)
 e - a +0 ring mail (worn)
Wands
 m - a wand of polymorph (13)
Scrolls
 h - 2 scrolls of remove curse
 i - 3 scrolls of identify
 j - 2 scrolls of immolation
Potions
 b - a potion of agility
 f - 2 potions of might {unknown}
 g - a potion of flight
 k - a potion of heal wounds {unknown}
Comestibles
 c - 7 rations {!d}


   Skills:
 + Level 3.6 Fighting
 + Level 3.4 Axes
 * Level 2.6 Armour
 * Level 1.8 Dodging
 * Level 3.5 Invocations


You had 5 spell levels left.
You didn't know any spells.
Your spell library was empty.

Dungeon Overview and Level Annotations

Branches:
Dungeon (3/12)

Altars:
Hepliaklqana
Nemelex Xobeh
Qazlal
Ru

Annotations:
D:3 2 transporters, pheathergobbo575's ghost, amateur OnCj


Innate Abilities, Weirdness & Mutations

You have hooves in place of feet.
Armour fits poorly on your strangely shaped body.
You cover ground very quickly.
You have extremely tough skin. (AC +3)
You are robust. (+10% HP)


Message History

Found a scroll of remove curse.
A kobold is nearby!
The kobold hits you but does no damage.
You hit the kobold.
The kobold is moderately wounded.
The kobold hits you but does no damage.
You hit the kobold but do no damage. Your kick misses the kobold.
The kobold is moderately wounded.
The kobold barely misses you.
You hit the kobold.
You kill the kobold!
Lugonu accepts your kill.
Things that are here:
a +1 dagger of holy wrath; a kobold corpse
h - 2 scrolls of remove curse (gained 1)
You see here a runed hand axe.
l - a runed hand axe This weapon is vampiric, and you must be Full or above to equip it.
l - a vampiric hand axe Are you sure you want to abandon this character and quit the game? (Confirm with "yes".)

........##...[.....
###.#######.#...#.. ## #.#
##)....... #. #.#
#..####################. #.#
#.......##.............. #.###
#...).......###..#...... .##...##
##.....#.....##...).....
.......## ##...#..#..............
........## #####@###.##.###......
.........#######.# #....# ##.....
..............##.###..######.....
.......######........(...........
.#....## ##............###.##...
##.#.## ##..............#.<##.##
#.#.# #.................###.##
#.#.#####.....#.#........###....
#.#.#....................# #..#.


There were no monsters in sight!

Vanquished Creatures
  A sky beast (D:3)
  2 orc priests (D:2)
  An orc wizard (D:2)
  A shadow imp (D:3)
  An ooze (D:3)
  4 worms
  4 dart slugs
  A leopard gecko (D:1)
  7 orcs
  A ball python (D:1)
  3 giant cockroaches
  6 goblins
  5 hobgoblins
  6 jackals
  8 kobolds
  A quokka (D:3)
  7 bats
  4 frilled lizards
  5 rats
68 creatures vanquished.

Notes
Turn   | Place    | Note
-------+----------+-------------------------------------------
     0 | Abyss:1  | Gargoyl the Centaur Abyssal Knight began the quest for the
                  | Orb.
     0 | Abyss:1  | Reached XP level 1. HP: 19/19 MP: 2/2
    28 | Abyss:1  | Gained mutation: You possess an exceptional clarity of
                  | mind. [potion of mutation]
    28 | Abyss:1  | Lost mutation: You possess an exceptional clarity of mind.
                  | [potion of mutation]
    28 | Abyss:1  | Gained mutation: You are robust. (+10% HP) [potion of
                  | mutation]
    46 | Abyss:1  | Found a basalt altar of Yredelemnul.
    58 | Abyss:1  | Noticed a large abomination
    83 | Abyss:1  | Noticed a red very ugly thing
   145 | Abyss:1  | Noticed an apocalypse crab
   151 | D:1      | Escaped the Abyss
   279 | D:1      | Reached * piety under Lugonu
   537 | D:1      | Reached XP level 2. HP: 28/28 MP: 3/3
   665 | D:1      | Reached skill level 1 in Dodging
   841 | D:1      | Reached XP level 3. HP: 34/34 MP: 4/4
  1690 | D:2      | Found a sacrificial altar of Ru.
  1783 | D:2      | Reached ** piety under Lugonu
  1783 | D:2      | Reached XP level 4. HP: 7/41 MP: 6/6
  2274 | D:2      | Found a hazy altar of Hepliaklqana.
  2442 | D:3      | Noticed a sky beast
  2461 | D:3      | HP: 2/41 [something (6)]
  2785 | D:3      | Killed a sky beast
  2785 | D:3      | Reached XP level 5. HP: 31/49 MP: 7/7
  3360 | D:2      | Reached XP level 6. HP: 39/57 MP: 8/8
  3463 | D:3      | Found a transporter.
  3464 | D:3      | Noticed pheathergobbo575's ghost (amateur OnCj)
  3464 | D:3      | Noticed a troll
  3466 | D:3      | Found a stormy altar of Qazlal.
  3492 | D:3      | Found a transporter.
  3530 | D:3      | Found a sparkling altar of Nemelex Xobeh.
  3679 | D:3      | Upgraded the game from bcrawl-1.17.3 to bcrawl-1.20
  3679 | D:3      | Upgraded the game from bcrawl-1.20 to bcrawl-1.20.1
  3679 | D:3      | Upgraded the game from bcrawl-1.20.1 to bcrawl-1.24.1
  3769 | D:3      | Quit the game

Skill      XL: |  1  2  3  4 |
---------------+-------------+-----
Dodging        | 1 |  1.8
Axes           | 2 3 |  3.4
Armour         | 2 |  2.6
Invocations    | 3 |  3.5
Fighting       | |  3.6

Action                   |  1- 3 |  4- 6 || total
-------------------------+-------+-------++-------
Melee: Hand axe          |   108 |    98 ||   206
       Kick              |    13 |    13 ||    26
Invok: Depart the Abyss  |     1 |       ||     1
  Use: Scroll            |     6 |     2 ||     8
       Potion            |     4 |       ||     4
  Eat: Chunk             |     2 |     5 ||     7
Armor: Leather armour    |    41 |       ||    41
       Ring mail         |    12 |    47 ||    59
Dodge: Dodged            |    68 |    43 ||   111
